 Dungeon Crawl Stone Soup version 0.27.1-35-g4d5d836560 (console) character file.

Game seed: 11167269626036928885

286971 Banquo the Slayer (level 21, -5/186 HPs)
             Began as a Formicid Fighter on Mar 21, 2022.
             Was a High Priest of Cheibriados.
             Killed by the air
             ... invoked by a wind drake
              (9 damage)
             ... in a wizard's laboratory on Mar 23, 2022.
             The game lasted 03:20:33 (39762 turns).

Banquo the Slayer (Formicid Fighter)               Turns: 39762, Time: 03:20:39

Health: -5/186     AC: 28    Str: 38    XL:     21   Next: 96%
Magic:  2/33       EV: 16    Int: 28    God:    Cheibriados [*****.]
Gold:   2733       SH: 32    Dex: 24    Spells: 36/36 levels left

rFire    + . .     SeeInvis +   a - +2 battleaxe (flame)
rCold    + + .     Faith    .   i - +8 tower shield "Laidyunu" {rC+ Will+ Int+3}
rNeg     . . .     Spirit   .   d - +1 plate armour {rC+}
rPois    .         Reflect  .   (helmet unavailable)
rElec    .         Harm     .   e - +2 cloak {rCorr}
rCorr    +         Rampage  .   g - +2 pair of gloves "Kaguxtan" {Dex+2}
Will     ++++.                  f - +2 pair of boots
Stlth    ..........             h - amulet of regeneration
HPRegen  1.41/turn              K - +4 ring of slaying
MPRegen  0.23/turn              F - ring "Feschu Matoutt" {rF+ Will+}

@: lethally poisoned (-5 -> -6), studying Invocations, very slow
A: permanent stasis, dig shafts and tunnels, antennae 3, four strong arms
}: 1/15 runes: serpentine
a: Dig, Renounce Religion, Bend Time, Temporal Distortion, Slouch, Step From
Time


You were in a wizard's laboratory.
You worshipped Cheibriados.
Cheibriados was extremely pleased with you.
You visited 6 branches of the dungeon, and saw 32 of its levels.
You also visited: Ossuary, Bailey, Ice Cave and Wizlab.

You collected 3726 gold pieces.
You spent 993 gold pieces at shops.

Inventory:

Hand Weapons
 a - a +2 battleaxe of flaming (weapon)
 b - a +4 battleaxe of electrocution
 J - a +0 vampiric war axe
 X - a +4 great mace of holy wrath
Missiles
 C - 132 boomerangs (quivered)
 I - 2 throwing nets
Armour
 d - a +1 plate armour of cold resistance (worn)
 e - a +2 cloak of preservation (worn)
 f - a +2 pair of boots (worn)
 g - the +2 pair of gloves "Kaguxtan" (worn) {Dex+2}
   (You bought it in a shop on level 2 of the Orcish Mines)

   Dex:       It affects your dexterity (+2).
 i - the +8 tower shield "Laidyunu" (worn) {rC+ Will+ Int+3}
   (You acquired it on level 1 of the Vaults)

   Int:       It affects your intelligence (+3).
   rC:        It protects you from cold.
   Will:      It increases your willpower.
 j - a +2 chain mail of fire resistance
Jewellery
 h - an amulet of regeneration (around neck)
 F - the ring "Feschu Matoutt" (right hand) {rF+ Will+}
   (You found it on level 10 of the Dungeon)

   [ring of willpower]

   rF:        It protects you from fire.
   Will:      It increases your willpower.
 H - a ring of ice
 K - a +4 ring of slaying (left hand)
 L - a ring of flight
 M - a +4 ring of protection
 P - a ring of poison resistance
 W - the ring of the Mantidfly {rN+++ Will+ Str+3 Dex-5}
   (You found it on level 6 of the Lair of Beasts)

   [ring of willpower]

   Str:       It affects your strength (+3).
   Dex:       It affects your dexterity (-5).
   rN:        It renders you almost immune to negative energy.
   Will:      It increases your willpower.
Wands
 p - a wand of digging (26)
 u - a wand of mindburst (41)
 D - a wand of flame (61)
 U - a wand of iceblast (45)
 V - a wand of acid (26)
Scrolls
 m - a scroll of magic mapping
 o - 2 scrolls of fog
 s - a scroll of holy word
 y - 4 scrolls of fear
Potions
 k - 3 potions of might
 l - 6 potions of heal wounds
 r - 5 potions of ambrosia
 t - a potion of flight
 z - 8 potions of magic
 B - 6 potions of cancellation
 E - 10 potions of curing
 G - 3 potions of invisibility
 O - 3 potions of resistance
Miscellaneous
 x - a phial of floods
 T - a condenser vane


   Skills:
 + Level 21.0 Fighting
 - Level 20.0 Axes
 - Level 5.0 Throwing
 - Level 15.0 Armour
 - Level 10.0 Dodging
 - Level 15.0 Shields
 * Level 8.1 Spellcasting
 - Level 14.0 Invocations


You had 36 spell levels left.
You didn't know any spells.
Your spell library contained the following spells:

 Spells                   Type           Power      Damage    Failure   Level
 Animate Skeleton         Necr           22%        N/A       19%         1
 Foxfire                  Conj/Fire      44%        2x1d6     19%         1
 Freeze                   Ice            44%        1d6       19%         1
 Pain                     Necr           44%        1d6       19%         1
 Passwall                 Tmut/Erth      9%         N/A       28%         2
 Slow                     Hex            11%        N/A       28%         2
 Sublimation of Blood     Necr           5%         N/A       28%         2
 Confusing Touch          Hex            11%        N/A       50%         3
 Conjure Flame            Conj/Fire      11%        6-21      50%         3
 Frozen Ramparts          Ice            22%        1d4       50%         3
 Ignite Poison            Fire/Tmut/Pois 11%        N/A       50%         3
 Inner Flame              Hex/Fire       11%        N/A       50%         3
 Stone Arrow              Conj/Erth      22%        3d8       50%         3
 Vampiric Draining        Necr           5%         2d6       50%         3
 Animate Armour           Summ/Erth      22%        N/A       88%         4
 Animate Dead             Necr           5%         N/A       88%         4
 Cause Fear               Hex            5%         N/A       88%         4
 Hailstorm                Conj/Ice       11%        3d5       88%         4
 Ice Form                 Ice/Tmut       11%        N/A       88%         4
 Sticky Flame             Conj/Fire      11%        2d3       88%         4
 Summon Ice Beast         Ice/Summ       11%        N/A       88%         4
 Blade Hands              Tmut           5%         N/A       99%         5
 Bolt of Magma            Conj/Fire/Erth 5%         4d5       99%         5
 Borgnjor's Vile Clutch   Necr/Erth      5%         N/A       99%         5
 Lee's Rapid Deconstruct  Erth           5%         3d7*      99%         5
 Summon Mana Viper        Hex/Summ       11%        N/A       99%         5
 Yara's Violent Unravell  Hex/Tmut       5%         3d4       99%         5
 Death Channel            Necr           5%         N/A       100%        6
 Invisibility             Hex            5%         N/A       100%        6
 Iron Shot                Conj/Erth      5%         9d2       100%        6
 Simulacrum               Ice/Necr       5%         N/A       100%        6
 Statue Form              Tmut/Erth      7%         N/A       100%        6
 Dragon Form              Tmut           5%         N/A       100%        7
 Monstrous Menagerie      Summ           5%         N/A       100%        7
 Dragon's Call            Summ           5%         N/A       100%        9
 Shatter                  Erth           5%         3d8*      100%        9
 Swiftness                Air            Unusable   N/A       N/A         3

Dungeon Overview and Level Annotations

Branches:
Dungeon (15/15)            Temple (0/1) D:6            Lair (6/6) D:9
 Shoals (0/4) Lair:4        Snake (4/4) Lair:3        Slime (0/5) Lair:6
    Orc (2/2) D:12            Elf (1/3) Orc:2        Vaults (4/5) D:13
  Crypt (0/3) Vaults:2     Depths (0/5) D:15        Ossuary (visited)
 Bailey (visited)           IceCv (visited)          WizLab (1/1)

Altars:
Ashenzari
Cheibriados
Dithmenos
Fedhas
Gozag
Hepliaklqana
Kikubaaqudgha
Nemelex Xobeh
Okawaru
Sif Muna
Wu Jian
Zin
The Shining One
Beogh
Jiyva

Shops:
D:1 (   Orc:2 [(:*   Elf:1 !   Snake:2 [   Snake:3 =   Snake:4 *

Annotations:
Snake:1 1 runed translucent door, Froggeryz's ghost, journeyman FeSu
Snake:3 Bai Suzhen


Innate Abilities, Weirdness & Mutations

You cannot be hasted, slowed, berserked, paralysed or teleported.
You can dig through walls and to a lower floor.
You have a pair of large antennae on your head. (SInv)
Your four strong arms can wield two-handed weapons with a shield.


Message History

Cheibriados appreciates the change of pace.
You kill the spark wasp!
Cheibriados appreciates the change of pace.
Cheibriados lowers the support of your attributes as your movement quickens.
You are engulfed in dark miasma.
You are more poisoned.
* * * LOW HITPOINT WARNING * * *
You feel extremely sick.
The wind drake hisses angrily.
The wind drake flaps its wings at you. The air twists around and strikes you.
* * * LOW HITPOINT WARNING * * *
The wind drake flaps its wings at you. The air twists around and strikes you.
Your Fighting skill increases to level 21!
You can feel time thicken for a moment.
You kill the blizzard demon!
Cheibriados appreciates the change of pace.
You kill the wind drake!
Cheibriados appreciates the change of pace.
Cheibriados lowers the support of your attributes as your movement quickens.
You are engulfed in dark miasma.
You are lethally poisoned!
Your stasis prevents you from being slowed.
* * * LOW HITPOINT WARNING * * *
x2 You feel extremely sick.
An apocalypse crab comes into view.
Unknown command.
You feel better.
You are engulfed in dark miasma.
You are poisoned.
* * * LOW HITPOINT WARNING * * *
x2 You feel very sick.
Unknown command.
You feel better.
You are engulfed in dark miasma.
You are poisoned.
* * * LOW HITPOINT WARNING * * *
You feel very sick. The wind drake flaps its wings at you.
The air twists around and strikes you!
You die...

{ §. ##'##
##.t.##
{##...†.##
#...k...#
+.∩.†.∩.+ {
#..[....#
##..†..##
##†.@##
##'##§
§§..§§§
§§§..§§§§
§..§§§§.§...#
###..§.....##
≈≈##.§§.§.##§
≈≈≈##..§.##§§


You could see a wind drake (repels missiles) and an apocalypse crab.

Vanquished Creatures
  Rupert (D:12)
  3 sphinxes (Vaults:4)
  6 nagarajas
  A revenant (Vaults:2)
  Aizul (Snake:2)
  13 vault wardens
  4 orc warlords
  A stone giant (Vaults:4)
  A war gargoyle (Vaults:3)
  8 very ugly things
  13 ironbound preservers
  6 dire elephants
  The ghost of TheWayOfAllFlesh the Martial Artist, a journeyman GnTm of Cheibriados (Lair:3)
  A spark wasp (WizLab)
  An entropy weaver (Vaults:2)
  2 ettins
  2 blizzard demons (WizLab)
  A jiangshi (Vaults:2)
  12 vault guards
  11 naga warriors
  3 great orbs of eyes (Vaults:1)
  Harold (D:8)
  9 yaktaur captains
  5 ironbound thunderhulks
  Erolcha (Orc:1)
  4 catoblepae
  A spriggan air mage (WizLab)
  10 hydras
  The ghost of ghwc the Corrupter of Planes, a journeyman DsAK of Lugonu (D:10)
  2 ogre magi
  A ghost crab (WizLab)
  5 ironbound frosthearts
  16 centaur warriors
  A boulder beetle (D:15)
  11 two-headed ogres
  8 anacondas
  12 death yaks
  Erica (D:8)
  A tengu warrior (D:10)
  A dancing weapon (Elf:1)
  A deep troll shaman (Lair:6)
  3 orc high priests
  2 vampire magi
  5 ironbound beastmasters
  9 shock serpents
  Nergalle (Lair:3)
  2 hell knights (Vaults:4)
  8 naga sharpshooters
  A spark wasp zombie (D:15)
  9 skeletal warriors
  A salamander mystic (Snake:3)
  5 death drakes (WizLab)
  10 sea snakes
  34 deep trolls
  6 naga ritualists
  A flayed ghost (D:10)
  8 orc knights
  Pikel (D:5)
  8 wizards
  12 ironbound convokers
  4 lindwurms
  A phantasmal warrior (Vaults:2)
  5 deep elf zephyrmancers (Elf:1)
  4 necromancers
  3 deep elf pyromancers
  9 mana vipers
  11 harpies
  4 orc sorcerers
  50 ugly things
  6 cyclopes
  8 salamanders
  3 manticores
  6 guardian serpents
  Maurice (D:8)
  31 black mambas
  8 elephants (Lair:6)
  3 torpor snails
  An ice statue (IceCv)
  16 naga magi
  An apocalypse crab (WizLab)
  17 vault sentinels
  A merfolk siren (Lair:4)
  A spriggan zombie (D:15)
  17 cane toads
  A yaktaur (shapeshifter) (D:15)
  An unseen horror (D:13)
  3 kobold demonologists (D:11)
  2 komodo dragons
  4 rime drakes
  An efreet (D:13)
  35 yaktaurs
  An anaconda simulacrum (IceCv)
  2 entropy weaver simulacra (IceCv)
  5 freezing wraiths (IceCv)
  A guardian mummy (D:15)
  10 ice devils (IceCv)
  6 trolls
  3 polar bears
  A fire dragon zombie (D:15)
  18 blink frogs
  22 slime creatures
  A wind drake (WizLab)
  Prince Ribbit (D:7)
  2 meliai zombies (D:11)
  Grinder (D:5)
  A dream sheep (Lair:3)
  An ettin zombie (D:15)
  3 air elementals (WizLab)
  2 shadows (D:12)
  A wraith (D:5)
  3 wyverns
  A fire elemental (Elf:1)
  23 yaks
  3 steam dragons
  11 vampire mosquitoes
  5 basilisks
  36 nagas
  Menkaure (D:4)
  2 harpy simulacra (IceCv)
  3 death yak simulacra (IceCv)
  6 wargs
  Edmund (D:4)
  10 water moccasins
  An acid dragon (D:13)
  A hornet zombie (D:7)
  33 orc warriors
  3 sky beasts
  3 black bears
  7 necrophages
  3 ice beasts
  15 ogres
  4 boggarts (Vaults:1)
  14 wolves
  14 centaurs
  A phantom (D:6)
  A lemure (D:5)
  3 kobold brigands
  2 gnoll sergeants
  7 scorpions
  4 cane toad simulacra (IceCv)
  9 bullfrogs
  An earth elemental (Elf:1)
  4 water moccasin skeletons
  4 elephant simulacra (IceCv)
  19 wights
  9 electric eels
  7 lava snakes (Snake:4)
  3 howler monkeys
  15 centaur zombies
  A bullfrog zombie (D:5)
  21 orc priests
  Crazy Yiuf (D:4)
  A bullfrog skeleton (D:3)
  Ijyb (D:5)
  3 centaur skeletons
  A gnoll shaman (D:8)
  27 orc wizards
  5 iguanas
  A troll simulacrum (IceCv)
  4 polar bear simulacra (IceCv)
  5 wolf simulacra (IceCv)
  2 ogre zombies (D:4)
  A centaur simulacrum (D:10)
  7 mummies
  2 howler monkey zombies
  Robin (D:4)
  15 gnolls
  8 adders
  3 naga simulacra (IceCv)
  A shadow imp (D:5)
  3 white imps
  2 ufetubi
  A worm (D:4)
  3 dart slugs (D:1)
  99 orcs
  4 ball pythons
  7 bats
  8 endoplasms
  3 giant cockroaches
  3 gnoll zombies
  24 goblins
  13 hobgoblins
  8 jackals
  6 quokkas
  5 frilled lizards
  2 goblin zombies
  30 kobolds
  2 kobold zombies (Ossuary)
  An orc zombie (Ossuary)
  A quokka zombie (D:5)
  6 rats
  A spectral kobold (D:15)
1285 creatures vanquished.

Vanquished Creatures (others)
  A naga (Snake:4)
  46 fungi
  55 plants
  7 withered plants (D:15)
109 creatures vanquished.

Grand Total: 1394 creatures vanquished

Notes
Turn   | Place    | Note
-------+----------+-------------------------------------------
     0 | D:1      | Banquo the Formicid Fighter began the quest for the Orb.
     0 | D:1      | Reached XP level 1. HP: 18/18 MP: 1/1
   256 | D:1      | Reached XP level 2. HP: 24/24 MP: 2/2
   339 | D:1      | Reached XP level 3. HP: 10/29 MP: 3/3
   722 | D:1      | Found Qidik's Weapon Shoppe.
   997 | D:1      | Found a faded altar of an unknown god.
  1002 | D:1      | Became a worshipper of Cheibriados the Contemplative
  1002 | D:1      | Reached * piety under Cheibriados
  1391 | D:2      | Reached XP level 4. HP: 30/35 MP: 4/4
  1484 | D:2      | Found a shadowy altar of Dithmenos.
  1872 | D:2      | Reached ** piety under Cheibriados
  2446 | D:3      | Found an ornate altar of the Wu Jian Council.
  2498 | D:3      | Reached XP level 5. HP: 38/41 MP: 5/5
  2869 | D:4      | Found a snail-covered altar of Cheibriados.
  2883 | D:4      | Reached skill level 5 in Axes
  2885 | D:4      | Reached *** piety under Cheibriados
  3032 | D:4      | Found a transporter.
  3091 | D:4      | Reached XP level 6. HP: 29/47 MP: 6/6
  3094 | D:4      | Reached skill level 1 in Invocations
  3334 | D:4      | Found a shimmering blue altar of Sif Muna.
  3432 | D:4      | Noticed Robin
  3438 | D:4      | Killed Robin
  3495 | D:4      | Reached skill level 1 in Dodging
  3705 | D:4      | Noticed Menkaure
  3709 | D:4      | Killed Menkaure
  3710 | D:4      | Reached XP level 7. HP: 45/53 MP: 6/8
  3779 | D:4      | Noticed Edmund
  3795 | D:4      | Killed Edmund
  3966 | D:4      | Found a transporter.
  4026 | D:4      | Found a runed translucent door.
  4027 | D:4      | Noticed Crazy Yiuf
  4250 | D:5      | Entered Level 5 of the Dungeon
  4260 | D:5      | Reached skill level 4 in Fighting
  4264 | D:5      | Reached **** piety under Cheibriados
  4318 | D:5      | Found an ancient bone altar of Kikubaaqudgha.
  4355 | D:5      | Reached XP level 8. HP: 56/60 MP: 9/9
  4395 | D:5      | Found a sand-covered staircase.
  4413 | Ossuary  | Entered an ossuary
  4436 | Ossuary  | Reached skill level 5 in Shields
  4679 | D:5      | Noticed Pikel
  4867 | D:5      | You fall into a shaft and drop 2 floors!
  4887 | D:7      | Noticed Prince Ribbit
  4910 | D:7      | Killed Prince Ribbit
  5175 | D:7      | Reached skill level 5 in Armour
  5175 | D:7      | Reached XP level 9. HP: 56/66 MP: 11/11
  5257 | D:5      | Noticed Ijyb
  5291 | D:5      | Killed Ijyb
  5336 | D:5      | Noticed Grinder
  5348 | D:5      | Killed Grinder
  5349 | D:5      | Reached skill level 5 in Fighting
  5539 | D:5      | Killed Pikel
  5680 | D:5      | Reached ***** piety under Cheibriados
  5964 | D:5      | Reached XP level 10. HP: 64/74 MP: 11/13
  6738 | D:6      | Reached skill level 6 in Fighting
  6738 | D:6      | Reached skill level 5 in Invocations
  6846 | D:6      | Noticed a two-headed ogre
  7097 | D:6      | Reached skill level 10 in Axes
  7138 | D:6      | Found a staircase to the Ecumenical Temple.
  7282 | D:6      | Killed a two-headed ogre
  7399 | D:6      | Found an opulent altar of Gozag.
  8015 | D:7      | Found an iron altar of Okawaru.
  8057 | D:7      | Reached XP level 11. HP: 83/83 MP: 15/15
  8762 | D:8      | Noticed Erica
  8969 | D:8      | Noticed a deep elf pyromancer
  8979 | D:8      | Killed a deep elf pyromancer
  9130 | D:8      | Reached skill level 7 in Fighting
  9170 | D:8      | Noticed Maurice
  9188 | D:8      | Killed Maurice
  9340 | D:8      | Found a glowing silver altar of Zin.
  9360 | D:8      | Noticed Harold
  9375 | D:8      | Killed Harold
  9387 | D:8      | Killed Erica
  9713 | D:9      | Noticed a two-headed ogre
  9720 | D:9      | Killed a two-headed ogre
  9721 | D:9      | Reached skill level 8 in Fighting
 10120 | D:9      | Noticed a two-headed ogre
 10129 | D:9      | Killed a two-headed ogre
 10130 | D:9      | Reached XP level 12. HP: 64/94 MP: 13/17
 10499 | D:9      | Reached skill level 5 in Dodging
 10683 | D:9      | Found a staircase to the Lair.
 11195 | Lair:1   | Entered Level 1 of the Lair of Beasts
 11223 | Lair:1   | Noticed a five-headed hydra
 11229 | Lair:1   | Killed a five-headed hydra
 11572 | Lair:1   | Noticed a five-headed hydra
 11583 | Lair:1   | Killed a five-headed hydra
 11584 | Lair:1   | Reached skill level 9 in Fighting
 12821 | Lair:2   | Identified the +9 long sword of Egomania {vorpal, rF+ Int+3
                  | Dex+5}
 13099 | Lair:2   | Reached skill level 10 in Fighting
 13312 | Lair:3   | Reached XP level 13. HP: 103/103 MP: 19/19
 13384 | Lair:3   | Noticed Nergalle
 13394 | Lair:3   | Killed Nergalle
 14083 | Lair:3   | Noticed a five-headed hydra
 14093 | Lair:3   | Killed a five-headed hydra
 14456 | Lair:3   | Found a transporter.
 14458 | Lair:3   | Found a staircase to the Snake Pit.
 14459 | Lair:3   | Noticed TheWayOfAllFlesh's ghost (journeyman GnTm)
 14466 | Lair:3   | Found a transporter.
 14703 | Lair:3   | Noticed a five-headed hydra
 14714 | Lair:3   | Killed a five-headed hydra
 14715 | Lair:3   | Reached skill level 10 in Armour
 15392 | Lair:4   | Reached skill level 11 in Fighting
 15477 | Lair:4   | Identified the +5 glaive "Giyrhawou" {flame, rPois Str-3
                  | SInv Stlth-}
 15928 | Lair:4   | Found a staircase to the Shoals.
 16285 | Lair:5   | Found a frozen archway.
 16303 | IceCv    | Entered an ice cave
 17369 | IceCv    | Reached skill level 12 in Fighting
 17488 | IceCv    | Found an ancient bone altar of Kikubaaqudgha.
 17502 | IceCv    | Reached XP level 14. HP: 101/115 MP: 20/20
 17503 | IceCv    | Reached ****** piety under Cheibriados
 18257 | Lair:5   | Reached skill level 13 in Fighting
 18740 | Lair:6   | Entered Level 6 of the Lair of Beasts
 19303 | Lair:6   | Reached skill level 14 in Fighting
 19801 | Lair:6   | Found a viscous altar of Jiyva.
 19801 | Lair:6   | Found a staircase to the Slime Pits.
 19916 | Lair:6   | Reached skill level 15 in Axes
 19916 | Lair:6   | Reached skill level 10 in Invocations
 19916 | Lair:6   | Reached XP level 15. HP: 127/127 MP: 22/22
 20121 | Lair:6   | Identified the ring of the Mantidfly {rN+++ Will+ Str+3
                  | Dex-5}
 20250 | Lair:3   | Killed TheWayOfAllFlesh's ghost
 20262 | Lair:3   | Identified the +2 chain mail of Inaction {Int+3 Dex+7}
 20521 | D:4      | Killed Crazy Yiuf
 20814 | D:10     | Entered Level 10 of the Dungeon
 21024 | D:10     | Found a glowing golden altar of the Shining One.
 21024 | D:10     | Found a broken altar of Ashenzari.
 21027 | D:10     | Found a blossoming altar of Fedhas.
 21151 | D:10     | Identified the ring "Feschu Matoutt" {rF+ Will+}
 21291 | D:10     | Found a runed translucent door.
 21360 | D:10     | Noticed ghwc's ghost (journeyman DsAK)
 21392 | D:10     | Identified the +9 chain mail of the Eternal Void {Rampage}
 21947 | D:11     | Reached skill level 15 in Fighting
 21989 | D:11     | Reached skill level 10 in Shields
 22600 | D:12     | You fall into a shaft and drop 2 floors!
 22715 | D:13     | Reached XP level 16. HP: 91/136 MP: 24/24
 22886 | D:12     | Found a staircase to the Orcish Mines.
 22994 | D:12     | Found a flagged portal.
 23026 | Bailey   | Entered a bailey
 23143 | Bailey   | Found a runed translucent gate.
 23145 | Bailey   | Found a runed translucent gate.
 23147 | Bailey   | Found a runed translucent gate.
 23358 | Bailey   | Acquired a +1 tower shield of protection
 23370 | Bailey   | Acquired a manual of Invocations
 23839 | D:12     | Noticed Rupert
 23848 | D:12     | Killed Rupert
 24110 | Orc:1    | Entered Level 1 of the Orcish Mines
 24229 | Orc:1    | Reached skill level 1 in Throwing
 24384 | Orc:1    | Noticed Erolcha
 24393 | Orc:1    | Killed Erolcha
 24394 | Orc:1    | Reached skill level 16 in Fighting
 25082 | Orc:2    | Entered Level 2 of the Orcish Mines
 25243 | Orc:2    | Found a staircase to the Elven Halls.
 26267 | Orc:2    | Found Jaraod's Book Shoppe.
 26271 | Orc:2    | Found Qadi's General Store.
 26359 | Orc:2    | Found Uzxiss's Antique Weapon Shoppe.
 26374 | Orc:2    | Found Ugoigat's Antique Armour Shoppe.
 26381 | Orc:2    | Bought a pair of faintly humming gloves for 285 gold pieces
 26381 | Orc:2    | Identified the +2 pair of gloves "Kaguxtan" {Dex+2} (You
                  | bought it in a shop on level 2 of the Orcish Mines)
 26897 | D:13     | Found a gate to the Vaults.
 26939 | D:13     | Reached XP level 17. HP: 116/144 MP: 25/25
 27253 | D:13     | Found a sparkling altar of Nemelex Xobeh.
 27944 | D:15     | Entered Level 15 of the Dungeon
 28330 | D:15     | Found a staircase to the Depths.
 28528 | D:15     | Found a hazy altar of Hepliaklqana.
 28715 | D:10     | Killed ghwc's ghost
 28838 | Snake:1  | Entered Level 1 of the Snake Pit
 29156 | Snake:1  | Found a runed translucent door.
 29571 | Snake:1  | Noticed Froggeryz's ghost (journeyman FeSu)
 29609 | Snake:2  | Found a sparkling altar of Nemelex Xobeh.
 29642 | Snake:2  | Found Ficac's Antique Armour Boutique.
 29677 | Snake:2  | Bought a fine chain mail for 218 gold pieces
 29677 | Snake:2  | Identified the +4 chain mail of Eternal Night {rN+ Stlth+}
                  | (You bought it in a shop on level 2 of the Snake Pit)
 30013 | Snake:2  | Noticed Aizul
 30030 | Snake:2  | Killed Aizul
 30031 | Snake:2  | Reached XP level 18. HP: 131/153 MP: 27/27
 30078 | Snake:2  | Identified the amulet of Kideun {Spirit -Cast Rampage
                  | Dex+2}
 30327 | Snake:3  | Noticed Bai Suzhen
 30330 | Snake:3  | You fall into a shaft and drop 1 floor!
 30330 | Snake:4  | Entered Level 4 of the Snake Pit
 30426 | Snake:3  | You fall into a shaft and drop 1 floor!
 30517 | Snake:4  | Reached skill level 17 in Fighting
 30784 | Snake:4  | Found Ebypleg's General Store.
 31582 | Snake:3  | Reached skill level 5 in Throwing
 31659 | Snake:3  | Found Kayfaiz's Jewellery Emporium.
 31666 | Snake:3  | Bought a ring of poison resistance for 380 gold pieces
 32260 | Snake:3  | You fall into a shaft and drop 1 floor!
 32270 | Snake:4  | Reached skill level 15 in Shields
 32570 | Snake:4  | Reached XP level 19. HP: 123/161 MP: 28/28
 32654 | Snake:4  | Got a serpentine rune of Zot
 32945 | Snake:3  | You fall into a shaft and drop 1 floor!
 33200 | Snake:3  | You fall into a shaft and drop 1 floor!
 33275 | Snake:3  | You fall into a shaft and drop 1 floor!
 33492 | Snake:3  | You fall into a shaft and drop 1 floor!
 33536 | Snake:3  | You fall into a shaft and drop 1 floor!
 33852 | Vaults:1 | Entered Level 1 of the Vaults
 33939 | Vaults:1 | Reached skill level 1 in Spellcasting
 34141 | Vaults:1 | Got the Papyrus of Dusty Unholy Secrets
 34157 | Vaults:1 | Reached skill level 10 in Dodging
 34166 | Vaults:1 | Identified the +0 robe of Doiwk {rPois rCorr Stlth-}
 34185 | Vaults:1 | Identified the +10 falchion of Incongruity {venom, SInv}
 34251 | Vaults:1 | Acquired the +8 tower shield "Laidyunu" {rC+ Will+ Int+3}
 34427 | Vaults:1 | Reached skill level 18 in Fighting
 34757 | Vaults:1 | Reached XP level 20. HP: 161/170 MP: 30/30
 34770 | Vaults:1 | Identified the +5 scale mail of a wizard's laboratory
                  | {Str-5 Dex+7}
 36203 | Vaults:2 | Found a staircase to the Crypt.
 37145 | Vaults:3 | Reached skill level 15 in Armour
 37369 | Vaults:3 | Reached skill level 5 in Spellcasting
 37939 | Vaults:4 | Reached skill level 19 in Fighting
 37966 | Vaults:4 | Reached XP level 21. HP: 180/180 MP: 31/31
 38315 | Vaults:4 | Identified the +9 whip of the Maze {flame, rC+++ rN+ Str-3
                  | Int-5}
 38315 | Vaults:4 | Identified the +0 war axe "Tygyunni" {freeze, Contam rN+++
                  | Will+ Int+2}
 38505 | Vaults:4 | Reached skill level 20 in Fighting
 39561 | Elf:1    | Entered Level 1 of the Elven Halls
 39636 | Elf:1    | Found Rinik's Distillery.
 39641 | Elf:1    | Bought a potion of heal wounds for 55 gold pieces
 39641 | Elf:1    | Bought a potion of heal wounds for 55 gold pieces
 39705 | Elf:1    | Found a magical portal.
 39724 | WizLab   | Entered The Chambers of the Cloud Mage
 39760 | WizLab   | Reached skill level 21 in Fighting
 39761 | WizLab   | HP: 7/186 [poison (dark miasma)]
 39762 | WizLab   | Killed from afar by a wind drake

Illustrated notes

Levels and vault maps discovered:
D:1:      minmay_arrival_doors, layout_basic,
          hellmonk_ecumenical_altar_leap_of_faith, serial_shops,
          nicolae_shop_waterfront
D:2:      layout_loops_ring, basic_altar
D:3:      layout_loops_ring, mainiacjoe_overflow_surrounded_room
D:4:      gammafunk_cloud_chamber, layout_basic, slow_altar_1,
          nicolae_sif_muna_condensation, chequers_hall_statues_wall_a,
          uniq_robin, uniq_edmund, uniq_menkaure, uniq_crazy_yiuf_cottage
D:5:      layout_loops_ring, lemuel_round_altar, enter_ossuary_4,
          nzn_random_ring, uniq_ijyb, uniq_grinder, uniq_pikel
D:6:      minmay_chambers_of_fours, layout_gridville, grunt_gozag_statues,
          minmay_temple_entry_offerings, serial_co_window_serial,
          co_window_corner_a, co_window_paths_a, co_window_of_opportunity_a,
          co_window_corner_a, co_window_of_opportunity_a, co_window_paths_a,
          co_window_paths_a, co_window_corner_b, co_window_2corner,
          co_window_broadway_a, glass_columns_b
D:7:      layout_basic, kennysheep_okawaru_gauntlet, minmay_bent,
          uniq_prince_ribbit1
D:8:      layout_rooms, zin_statuary, minmay_manual_monstrance, uniq_erica,
          uniq_harold, uniq_maurice
D:9:      layout_stronghold, erik_lair_orcish_takeover
D:10:     minmay_chopped_fan, layout_rooms, grunt_temple_overflow_open,
          ebering_ghost_reflecting_pool, nicolae_two_hexagons
D:11:     layout_cave_pools, serial_undead, serial_undead_a, serial_undead_c,
          serial_undead_a, serial_undead_d
D:12:     layout_roguey, erik_orc_4, enter_bailey_5, kennysheep_small_square,
          uniq_rupert
D:13:     layout_long_grid, lightli_vaults_fourway_checkpoint, special_room
          [special_room_orc], nemelex_spade_bored_becter
D:14:     layout_cave_pools, minmay_misc_feat_doors
D:15:     gammafunk_depths_entry_grave, layout_cross, roderic_roman_lattice,
          nicolae_hepliaklqana_monster_ancestors
Lair:1:   layout_cave_pods
Lair:2:   layout_regular_city
Lair:3:   layout_small_grid, guppyfry_snake_entry_island, gammafunk_ghost_arena,
          nicolae_quartered_pool_super, serial_bayou_shore_a,
          serial_bayou_shore_b, grunt_megastairs_2, uniq_nergalle
Lair:4:   layout_layer_cave, elwin_shoals_entry_rooms
Lair:5:   layout_long_grid, portal_ice_cave_rime, beast_lair_carwin_1,
          infiniplex_staircase_pool_2
Lair:6:   grunt_lair_end_beastmaster, layout_layer_cave,
          dpeg_slime_entry_enclosed_altar, lemuel_fruit_tree
Snake:1:  layout_onion_interference, ebering_ghost_reflecting_pool,
          nicolae_snake_snake_lake, serial_bayou_lagoon_a
Snake:2:  layout_onion, basic_altar, serial_shops, shop_coins, uniq_aizul
Snake:3:  layout_chambers, serial_shops, nicolae_shop_stone, uniq_bai_suzhen
Snake:4:  grunt_snake_rune_pools, layout_basic, serial_shops,
          nicolae_shop_behind_doors, serial_bayou_shore_b, grunt_megastairs_5
Orc:1:    layout_diamond_mine, guppyfry_orc_lava_fort, uniq_erolcha
Orc:2:    grunt_orc_cross, layout_caves
Elf:1:    elf_arrival_002, layout_rooms, infiniplex_enter_wizlab_water,
          serial_shops, nicolae_shop_trees, kennysheep_underground_church
Vaults:1: v_rooms_3, hangedman_vaults_locks, hangedman_vaults_slice,
          nicolae_vaults_alarming, nicolae_vaults_disjoint_gnomons,
          nicolae_vaults_little_squares_5, hangedman_vaults_hat,
          grunt_vaults_hallway_short, v_alt_pattern_1,
          nicolae_vaults_little_squares_2, nicolae_vaults_diagonal_hallway_9,
          layout_vaults_maze_snakey
Vaults:2: ontoclasm_vaults_hangar, minmay_crypt_entry_simple_round,
          grunt_vaults_hallway_short, v_pattern_5, vaults_dpeg_cross,
          grunt_vaults_hallway_short, v_alt_pattern_6, vaults_room_semicircle,
          vaults_mumra_lcd, nicolae_vaults_little_squares_2, vaults_dpeg_ring,
          layout_vaults_quadrants
Vaults:3: v_alt_pattern_6, nicolae_vaults_diagonal_hallway_9,
          hangedman_vaults_pinch, nicolae_vaults_twisting_passages,
          v_alt_pattern_2, v_misc_24, vaults_room_corners,
          nicolae_vaults_little_squares_3, vaults_room_stairs_pillars,
          vaults_room_door_hall, v_misc_8, ontoclasm_vaults_gateway,
          layout_vaults_omnibox
Vaults:4: ontoclasm_vaults_ligature, vaults_room_pools,
          vaults_dpeg_encased_lava, v_rooms_6, vaults_room_fours,
          hangedman_vaults_hard_town_square, ontoclasm_vaults_pinch,
          ontoclasm_vaults_twist, nicolae_vaults_circle_grid_b,
          ontoclasm_vaults_claustrophobia, v_misc_22, hangedman_vaults_maws,
          nicolae_vaults_little_squares_2, v_misc_32, layout_vaults_big_cross,
          uniq_margery
WizLab:   wizlab_cloud

Skill      XL: |  1  2  3  4  5  6  7  8  9 10 11 12 13 14 15 16 17 18 19 20 21 |
---------------+----------------------------------------------------------------+-----
Axes           | 3 4 5 6 7 9 10 11 12 13 15 16 17 19 20 | 20.0
Shields        | 4 5 6 7 8 9 10 12 13 15 | 15.0
Invocations    | 1 2 3 4 5 6 8 9 10 11 12 13 14 | 14.0
Dodging        | 1 2 3 4 5 6 7 8 9 10 | 10.0
Armour         | 4 5 6 7 8 9 11 12 13 14 15 | 15.0
Fighting       | 4 5 6 8 10 12 14 15 16 17 18 19 21 | 21.0
Throwing       | 2 4 5 |  5.0
Spellcasting   | 3 5 8 |  8.1

Action                   |  1- 3 |  4- 6 |  7- 9 | 10-12 | 13-15 | 16-18 | 19-21 || total
-------------------------+-------+-------+-------+-------+-------+-------+-------++-------
Melee: War axe           |    99 |   137 |   257 |   402 |   590 |   298 |    35 ||  1818
       Spear             |       |       |       |     2 |       |       |       ||     2
       Morningstar       |       |       |       |     8 |    10 |       |       ||    18
       Glaive            |       |       |       |       |   174 |   428 |       ||   602
       Battleaxe         |       |       |       |       |       |   427 |   747 ||  1174
Invok: Bend Time         |       |       |     2 |     8 |     2 |     2 |       ||    14
       Slouch            |       |       |       |     6 |     2 |     2 |     9 ||    19
 Abil: Dig               |     2 |     6 |    16 |    30 |    47 |    55 |     6 ||   162
       Shaft Self        |       |       |     1 |       |       |     3 |     5 ||     9
  Use: Scroll            |     3 |     4 |     1 |    10 |     7 |     5 |     4 ||    34
       Potion            |       |       |       |       |       |       |     3 ||     3
 Stab: Distracted        |       |       |       |     1 |     2 |     1 |       ||     4
       Petrified         |       |       |       |       |     4 |     4 |       ||     8
       Petrifying        |       |       |       |       |     1 |       |       ||     1
Armor: Scale mail        |    47 |    45 |       |       |       |       |       ||    92
       Chain mail        |       |     2 |    74 |   118 |   213 |   205 |   127 ||   739
       Plate armour      |       |       |       |       |       |       |    21 ||    21
Dodge: Dodged            |    33 |    51 |    59 |   153 |   313 |   398 |   234 ||  1241
Block: Kite shield       |    54 |    78 |   136 |   226 |   401 |   134 |       ||  1029
       Buckler           |       |       |       |       |    28 |       |       ||    28
       Tower shield      |       |       |       |       |       |  1051 |   918 ||  1969
